Map: Radhuset Station LE

Players

SubN

  • Race: Zerg Zerg
  • League: Diamond
  • Spawn Location: 7:00

hollyvon - Winner!

  • Race: Zerg Zerg
  • League: Diamond
  • Spawn Location: 1:00

VOD

Have the link to the VOD?

Description

Time

  • Played on: Dec. 18, 2023, 11:59 a.m.
  • Length: 4:53
Show
View Real Time Build Order
Export as new Build Order

SubN Zerg 

Build Orders: Pool First 

Get SALT Encoding   

  12  0:00  Drone  
  13  0:08  Drone  
  13  0:13  Extractor  
  13  0:32  Spawning Pool  
  12  0:57  Hatchery  
  11  1:18  Queen  
  13  1:29  Metabolic Boost  
  13  1:35  Overlord  
  13  1:44  Zergling x2  
  14  1:53  Zergling x4  
  16  1:59  Zergling x2  
  17  2:08  Zergling x2  
  17  2:13  Queen  
  20  2:19  Zergling x2  
  21  2:33  Zergling x2  
  21  2:34  Zergling x4  
  24  2:45  Zergling x2  
  24  2:46  Zergling x2  
  26  2:51  Overlord  
  26  3:01  Zergling x2  
  26  3:02  Zergling x2  
  24  3:20  Zergling x2  
  24  3:21  Zergling x6  
  23  3:34  Zergling x2  
  23  3:35  Zergling x4  
  25  4:00  Zergling x2  
  25  4:01  Zergling x8  
  24  4:19  Zergling x4  
  24  4:20  Zergling x4  
  27  4:28  Zergling x2  
  27  4:29  Zergling x2  
Show
View Real Time Build Order
Export as new Build Order

hollyvon Zerg - Winner!

Build Orders: Hatch First 

Get SALT Encoding   

  12  0:02  Drone  
  13  0:08  Drone  
  14  0:20  Overlord  
  14  0:43  Hatchery  
  13  0:59  Spawning Pool  
  13  1:02  Drone  
  13  1:06  Drone  
  13  1:10  Drone  
  15  1:16  Drone  
  16  1:24  Drone  
  17  1:34  Drone  
  17  1:38  Extractor  
  17  1:45  Queen  
  20  1:47  Zergling x2  
  20  1:54  Queen  
  20  1:56  Drone  
  23  2:02  Drone  
  23  2:07  Overlord  
  24  2:12  Drone  
  25  2:18  Zergling x2  
  26  2:25  Drone  
  28  2:30  Drone  
  28  2:36  Drone  
  29  2:39  Drone  
  29  2:43  Extractor  
  30  2:44  Drone  
  30  2:49  Baneling Nest  
  30  2:51  Zergling x2  
  30  2:52  Zergling x2  
  30  2:55  Zergling x2  
  30  2:56  Zergling x4  
  34  3:00  Overlord  
  34  3:05  Drone x2  
  33  3:18  Zergling x4  
  33  3:19  Zergling x2  
  28  3:38  Baneling x3  
  28  3:45  Zergling x6  
  27  4:04  Zergling x8  
  30  4:14  Zergling x4  
  30  4:16  Queen  
  30  4:17  Drone  
  32  4:25  Zergling x2  
  32  4:30  Baneling  
  32  4:34  Baneling x2  
  32  4:37  Baneling  
Tags
 
Add a new tag
Caveats
  • Supply blocks, unpowered buildings, or Contaminate may cause inaccurate times.
  • Supply counts are checked every 10 seconds.